woodfighter, neutral female human Healer --------- ---- I^I.....|--- --..--- -------.|..--- |.....-- |......| |......| --- ---......-- --.....| --.-- |.........-- |.-...-- -...| |..........----|...*..--|...-- --............----......|..-| -----.........| |.......>..-- --.^.....-| |...-..---..| |-..--...| |.....^| |..| --...| ...| |.---..| ---- |...-- -.--|.| |.<| --..| |^..|.| ---- ---- --...--- |.....| ---.....| |......-- |.....-- --.---- --- woodfighter the Empiric Experience level: 4 Strength: 7 Dexterity: 10 Constitution: 16 Intelligence: 12 Wisdom: 14 Charisma: 16 Health: 0(28) Energy: 30(35) Def: 2 Gold: 1725 Moves: 1323 Dungeon seed: 7h-getlq0WIsV_iL Game ID: woodfighter_1509276427 Your Inventory: Coins $ - 1725 gold pieces Amulets H - an uncursed amulet of magical breathing Weapons a - a +0 scalpel (weapon in hand) Armor e - an uncursed +1 pair of leather gloves (being worn) Comestibles l - 6 blessed eucalyptus leaves m - 3 blessed sprigs of wolfsbane o - 2 blessed cloves of garlic p - 6 uncursed apples r - an uncursed carrot u - 2 uncursed food rations A - an uncursed tripe ration B - 2 uncursed sprigs of wolfsbane Scrolls q - an uncursed scroll of earth t - a cursed scroll of light v - an uncursed scroll of scare monster z - a blessed scroll of charging E - an uncursed scroll of blank paper Spellbooks i - a blessed spellbook of healing j - a blessed spellbook of extra healing k - a blessed spellbook of stone to flesh y - an uncursed spellbook of haste self C - an uncursed spellbook of cancellation Potions c - 3 uncursed potions of healing d - a blessed potion of healing f - a blessed potion of extra healing g - 3 uncursed potions of extra healing D - an uncursed potion of gain ability I - an uncursed potion of enlightenment Rings s - an uncursed ring of protection from shape changers Wands h - a wand of sleep (0:4) w - a wand of speed monster (0:7) Tools b - an uncursed stethoscope Spells and supernatural/magical abilities: Name Level Category Fail Memory h - healing 1 healing 0% 94% x - extra healing 3 healing 12% 94% S - stone to flesh 3 healing 29% 94% W - pray for help -- divine ? -- Your skills at the end: Miscellaneous Skills wands [Basic] Weapon Skills knife [Basic] Spellcasting Skills healing spells [Basic] Final Attributes: You were devoutly aligned. You were poison resistant. You were blinded. You were somewhat stealthy. You are dead. Vanquished creatures: 2 gnome lords a dwarf 2 iguanas 2 orc zombies a hobbit a hobgoblin a giant rat a red mold 5 gnomes 2 jackals a kobold 5 newts a goblin 7 grid bugs 3 lichens 35 creatures vanquished. Voluntary challenges: You did not adorn yourself with jewelry or accessories. You did not cause conflict. You were not invisible. You did not have reflection. You were not displaced. You were an atheist. You used a wielded weapon 72 times, starting on turn 6. You did not use containers. You did not apply a unicorn horn. You did not use plumbed fixtures. You did not drink any magical draughts. You were illiterate. You never genocided any monsters. You never polymorphed an object. You never changed form. You used no wishes. You never split a pudding. You never wrote Elbereth's name. You never violated your personal moral code. Dungeon overview: The Dungeons of Doom: levels 1 to 4 Level 1 a long staircase Level 2 Level 3 stairs to The Gnomish Mines Level 4 The Gnomish Mines: levels 4 to 5 Level 4 <- You were here stairs to The Dungeons of Doom Level 5 History has recorded: On T:1 you entered the Dungeons of Doom to retrieve the Amulet of Yendor! On T:311 you reached level 2 of The Dungeons of Doom. On T:331 you reached level 3 of The Dungeons of Doom. On T:491 you advanced to experience level 2. On T:640 you reached level 4 of The Dungeons of Doom. On T:773 you advanced to experience level 3. On T:1092 you reached level 1 of The Gnomish Mines. On T:1113 you reached level 2 of The Gnomish Mines. On T:1301 you advanced to experience level 4. Score breakdown: Gold: 296 ( 29 points) Experience: 4 levels ( 300 points) Exploration: 5 levels ( 120 points) Discoveries: 12 items ( 600 points) Variety of kills: 15 monsters ( 750 points) Major goal: (nothing yet) ( 0 points) Survival: died (score multiplied by 3) Total score: 5397 Latest messages: You kill the gnome lord! Welcome to experience level 4. Kitty eats a food ration. Something is hit. You stop exploring. It is missed. You stop exploring. You are hit by a dagger. You stop exploring. You are momentarily blinded by a flash of light! Something bites! You feel better. You hear a chugging sound. Something punches you! Something bites! Something is hit. Something bites! You hack something. You hear a nearby zap. The magic missile hits it. The magic missile hits you! The magic missile hits it. Something punches you! Something bites! You die... Final status: Goodbye woodfighter the Healer, killed by a kitten... You died in The Gnomish Mines on dungeon level 4 with 5397 points, and 1725 pieces of gold, after 1323 moves. You were level 4 with a maximum of 28 hit points when you died.